 Dungeon Crawl Stone Soup version 0.22-a0-305-gd21a89c (webtiles) character file.

2285615 kuniqs the Slayer (level 25, 265/265 HPs)
             Began as a Deep Dwarf Fighter on Mar 31, 2018.
             Was the Champion of Makhleb.
             Escaped with the Orb
             ... and 3 runes on Apr 1, 2018!
             The game lasted 01:25:39 (38960 turns).

kuniqs the Slayer (Deep Dwarf Fighter)             Turns: 38960, Time: 01:25:40

Health: 265/265    AC: 61    Str: 37    XL:     25   Next: 96%
Magic:  11/11      EV: 25    Int: 18    God:    Makhleb [******]
Gold:   4111       SH: 28    Dex: 18    Spells: 24/24 levels left

rFire    + + +     SeeInvis +   N - +8 mithril axe "Arga" {speed, MR+}
rCold    + . .     Gourm    .   o - +2 large shield {rF+}
rNeg     + + .     Faith    .   I - +13 crystal plate armour
rPois    +         Spirit   .   W - +3 crown of Dyrovepreva {rElec Int+2 SInv}
rElec    +         Reflect  .   q - +2 cloak {+Inv}
rCorr    +         Harm     .   V - +2 pair of gloves {Dex+3}
MR       ++++.                  y - +1 pair of boots of Foolhardiness {rN+}
Stlth    ..........             u - amulet of Ziytin {+Rage Slay+5}
HPRegen  0.00/turn              w - ring of Robustness {AC+8}
MPRegen  0.12/turn              Z - ring "Dodes" {rF+ Int+5 Dex-2 Slay+3} (curse)

@: mighty, agile, resistant, non-regenerating, hasted, very quick
A: damage resistance, heal wounds, fangs 1, blink, deterioration 1, negative
energy resistance 1, sense surroundings 3, strong 1, evolution 1, no
regeneration
0: Orb of Zot
}: 3/15 runes: barnacled, silver, gossamer
a: Heal Wounds, Blink, Minor Destruction, Lesser Servant of Makhleb, Major
Destruction, Greater Servant of Makhleb, Renounce Religion, Evoke Berserk Rage,
Evoke Invisibility


You escaped.
You worshipped Makhleb.
Makhleb was exalted by your worship.
You were very full.

You visited 10 branches of the dungeon, and saw 50 of its levels.
You visited the Abyss 1 time.
You also visited: Labyrinth, Trove, Sewer, Ice Cave and Wizlab.

You collected 6650 gold pieces.
You spent 2539 gold pieces at shops.

Inventory:

Hand Weapons
 N - the +8 mithril axe "Arga" (weapon) {speed, MR+}
   (You found it on level 3 of the Elven Halls)

   Attacks with this weapon are significantly faster.
   It affects your resistance to hostile enchantments.
Armour
 o - a +2 large shield of fire resistance (worn)
 q - a +2 cloak of invisibility (worn)
 y - the +1 pair of boots of Foolhardiness (worn) {rN+}
   (You found it on level 5 of the Vaults)

   It protects you from negative energy.
 I - a +13 crystal plate armour (worn)
 V - a +2 pair of gloves of dexterity (worn)
 W - the +3 crown of Dyrovepreva (worn) {rElec Int+2 SInv}
   (You found it on level 1 of the Elven Halls)

   It affects your intelligence (+2).
   It insulates you from electricity.
   It lets you see invisible.
Jewellery
 u - the amulet of Ziytin (around neck) {+Rage Slay+5}
   (You took it off a yaktaur on level 5 of the Vaults)

   [amulet of rage]

   It affects your accuracy and damage with ranged weapons and melee attacks
   (+5).
   It lets you go berserk.
 w - the ring of Robustness (left hand) {AC+8}
   (You found it on level 2 of the Vaults)

   [ring of protection]

   It affects your AC (+8).
 X - an uncursed ring of protection from cold
 Z - the cursed ring "Dodes" (right hand) {rF+ Int+5 Dex-2 Slay+3}
   (You bought it in a shop on level 3 of the Elven Halls)

   [ring of dexterity]

   It affects your intelligence (+5).
   It affects your dexterity (-2).
   It affects your accuracy and damage with ranged weapons and melee attacks
   (+3).
   It protects you from fire.
   It has a curse placed upon it.
Wands
 i - a wand of polymorph (74)
 k - a wand of random effects (111)
 l - a wand of digging (3)
 r - a wand of enslavement (39)
 z - a wand of paralysis (19)
 A - a wand of iceblast (11)
 D - a wand of flame (98)
 E - a wand of acid (7)
 S - a wand of disintegration (41)
 U - a wand of scattershot (7)
Scrolls
 b - 2 scrolls of summoning
 c - 2 scrolls of holy word
 h - 6 scrolls of fog
 j - 5 scrolls of fear
 m - 19 scrolls of remove curse {@r2}
 p - a scroll of magic mapping
 B - 10 scrolls of teleportation
 C - 6 scrolls of blinking
 H - a scroll of silence
 L - 6 scrolls of immolation
 T - a scroll of identify {@r1}
Potions
 a - 10 potions of heal wounds
 d - 2 potions of might
 e - 2 potions of ambrosia
 g - 6 potions of berserk rage
 s - 12 potions of curing {@q1}
 t - a potion of lignification
 v - 4 potions of invisibility
 x - 2 potions of flight
 K - 2 potions of cancellation
 M - a potion of agility
 P - 6 potions of mutation
Comestibles
 f - 86 rations


   Skills:
 + Level 23.1 Fighting
 - Level 18.0 Axes
 - Level 20.0 Armour
 - Level 20.0 Dodging
 - Level 20.0 Shields
 - Level 14.0 Invocations


You had 24 spell levels left.
You didn't know any spells.

Dungeon Overview and Level Annotations

Branches:
Dungeon (15/15)            Temple (1/1) D:7            Lair (6/6) D:10
 Shoals (4/4) Lair:3       Spider (4/4) Lair:3        Slime (0/5) Lair:6
    Orc (2/2) D:10            Elf (3/3) Orc:2        Vaults (5/5) D:13
  Crypt (0/3) Vaults:2     Depths (5/5) D:15            Zot (5/5) Depths:5

Altars:
Cheibriados
Elyvilon
Fedhas
Hepliaklqana
Kikubaaqudgha
Makhleb
Nemelex Xobeh
Okawaru
Qazlal
Ru
Trog
Yredelemnul
Zin
Beogh

Shops:
D:4 !   D:5 :   D:6 !   D:15 =   Orc:2 [(:*   Elf:1 !   Elf:2 !   Elf:3 *
Vaults:1 [(   Vaults:2 :   Vaults:5 }

Portals:
Hell: Depths:3 Depths:4

Annotations:
Lair:1 exclusion: oklob plant
Elf:2 3 runed doors
Zot:3 7 runed doors


Innate Abilities, Weirdness & Mutations

You are resistant to damage.
You can heal yourself by infusing magical energy.
You resist negative energy. (rN+)
You passively map a large area around you.
You do not regenerate.
You have very sharp teeth.
You can translocate small distances at will.
Your body sometimes deteriorates upon taking damage.
Your muscles are strong. (Str +2)
You evolve.


Message History

You block the sticky flame.
You cut the smoke demon into ribbons!!! You slice the smoke demon!!
You kill the smoke demon!
Makhleb accepts your kill.
You slash the hellwing! Your bite misses the hellwing.
You chop the hellwing into pieces!!!
You kill the hellwing!
Makhleb accepts your kill.
No target in view!
Okay, then.
The rock shatters into small pieces.
You see here a whip.
A soul eater comes into view.
You slice the soul eater!! You slice the soul eater!!
You block the soul eater's attack.
You slice the soul eater!!
You kill the soul eater!
There is a staircase leading out of the dungeon here.
You have escaped!

.##..#.## #.....# #...♣.#.#.#.
.##..#.## ##...#.###.##..#.#.#.
.###.##.# #...##.##....#.#.....
.# #..#.# ###..###.##..#...#..#.#
.# ##..## #....##.###..#...####.#
.####..# ##...#...##..#.#.#.....
.#.##.## ##......####....#.#.####
.#..#.####........###.####.#.#
.#.....##.......@..#.(...#.#.#
(##....#.........#######.>..♣#♣#♣
(.#.[...##......#.# #.........
#.#....##.......### #....♣#♣.♣
#(##...)...#(#### ##...# #.#
...#..#...#### ###### ##.###♣.♣
>(..######## #....# #...#..#
(.#........## #....# #####...##
......####..# #....# #.....###


There were no monsters in sight!

Vanquished Creatures
  4 orbs of fire (Zot:5)
  2 pandemonium lords (D:1)
  Mara (Spider:4)
  4 ancient liches
  3 caustic shrikes (Depths:5)
  3 Killer Klowns (Zot:5)
  A curse toe (Zot:5)
  Nikola (Shoals:1)
  5 golden dragons
  A bone dragon (Depths:5)
  A lich (Depths:1)
  2 electric golems (Zot:5)
  3 tentacled monstrosities
  2 deep elf master archers (Elf:3)
  A moon troll (WizLab)
  2 deep elf blademasters (Elf:3)
  22 Orb Guardians
  4 titans (Vaults:5)
  A quicksilver dragon (shapeshifter) (Vaults:5)
  4 quicksilver dragons
  A kraken (Shoals:4)
  4 death cobs
  10 tentacled starspawn (WizLab)
  2 sphinxes (Vaults:5)
  9 storm dragons
  6 shadow dragons
  5 tengu reavers
  Donald (Elf:3)
  3 draconian monks (Zot:5)
  Ilsuiw (Shoals:4)
  7 fire giants
  3 frost giants
  2 deep elf sorcerers (Elf:3)
  3 orc warlords
  An iron dragon (Vaults:5)
  4 draconian scorchers
  10 vault wardens
  8 ghost moths
  7 emperor scorpions
  A draconian shifter (Zot:2)
  Louise (Spider:4)
  6 deep elf elementalists
  14 ironheart preservers
  A cacodemon (WizLab)
  4 draconian knights
  A draconian stormcaller (Zot:5)
  4 war gargoyles
  A ghoul (Vaults:2)
  16 stone giants
  7 entropy weavers
  An ophan (Abyss:4)
  3 deep elf demonologists (Elf:3)
  20 very ugly things
  6 green draconians
  4 white draconians
  8 red draconians
  A vampire knight (Depths:3)
  4 purple draconians
  4 deep elf annihilators
  4 black draconians
  5 yellow draconians
  3 spark wasps
  4 merfolk javelineers (Shoals:4)
  4 deep elf death magi (Elf:3)
  A crystal guardian (WizLab)
  3 merfolk impalers
  8 great orbs of eyes
  8 ettins
  5 fire dragons
  12 yaktaur captains
  3 rakshasas
  9 ogre magi
  9 deep elf high priests
  30 vault guards
  2 merfolk avatars (Shoals:4)
  Erolcha (D:9)
  14 centaur warriors
  8 ice dragons
  5 hydras
  3 satyrs
  6 merfolk aquamancers (Shoals:4)
  A catoblepas (D:15)
  A death knight (Vaults:2)
  Erica (D:8)
  A queen ant (Lair:5)
  18 dancing weapons
  2 deep troll shamans
  26 two-headed ogres
  3 deep troll earth magi
  A vampire mage (Depths:3)
  3 death yaks (Lair:5)
  A queen ant (shapeshifter) (D:15)
  An orc high priest (Orc:1)
  A spriggan berserker (Depths:3)
  A shock serpent (shapeshifter) (Vaults:5)
  3 tengu warriors (D:14)
  5 small abominations
  9 thrashing horrors (Abyss:4)
  6 deep elf knights
  The ghost of Armakuni the Fighter, a novice DgWn (D:8)
  7 skeletal warriors
  3 soul eaters
  A shadow wraith (Vaults:5)
  Nergalle (D:12)
  3 unseen horrors
  An unseen horror (shapeshifter) (Vaults:2)
  13 sea snakes
  An orange crystal statue (WizLab)
  2 flayed ghosts
  2 wizards (D:15)
  5 glowing orange brains (WizLab)
  A deep troll (shapeshifter) (Vaults:5)
  13 deep elf archers
  A shadow demon (D:1)
  14 deep trolls
  Pikel (D:4)
  A phantasmal warrior (Vaults:5)
  A necromancer (Vaults:1)
  14 harpies
  An orb spider (shapeshifter) (Vaults:1)
  15 ironbrand convokers
  15 orc knights
  26 wolf spiders
  8 cyclopes
  3 orc sorcerers
  15 orb spiders
  An oklob plant (Shoals:3)
  A moth of wrath (shapeshifter) (Vaults:5)
  40 deep elf magi
  8 fauns
  14 manticores
  A shining eye (shapeshifter) (Elf:2)
  9 merfolk sirens
  32 ugly things
  3 centaur zombies
  18 moths of wrath
  4 elephants (Lair:6)
  5 ice statues (IceCv)
  5 eyes of devastation (WizLab)
  A rust devil (D:10)
  An apocalypse crab (Abyss:4)
  12 water nymphs
  Joseph (D:8)
  14 vault sentinels
  An eye of devastation (shapeshifter) (Vaults:5)
  4 smoke demons
  4 gargoyles
  6 black mambas
  8 spiny frogs
  A minotaur zombie (Lab)
  34 yaktaurs
  A torpor snail (Lair:4)
  2 rime drakes (shapeshifter)
  8 komodo dragons
  10 freezing wraiths
  An efreet (Abyss:4)
  An ice devil (D:1)
  2 anaconda simulacra (IceCv)
  18 demonic crawlers
  A komodo dragon (shapeshifter) (Depths:5)
  2 hellwings (D:1)
  6 kobold demonologists
  3 tengu conjurers
  A golden dragon simulacrum (IceCv)
  2 trolls (shapeshifter) (Vaults:5)
  11 starcursed masses
  A polar bear (Lair:5)
  46 jumping spiders
  12 trolls
  21 merfolk
  3 wind drakes
  Grinder (D:4)
  11 hornets
  4 raiju (Abyss:4)
  Prince Ribbit (D:6)
  10 hippogriffs
  27 slime creatures
  9 dream sheep
  6 large abominations (Abyss:4)
  7 blink frogs
  11 snapping turtles
  3 human simulacra
  105 redbacks
  2 shadows (D:15)
  6 flying skulls (Abyss:4)
  20 water elementals
  3 wraiths
  3 air elementals
  2 ynoxinuls (Abyss:4)
  A spriggan (shapeshifter) (Vaults:1)
  A human (shapeshifter) (D:15)
  4 wyverns
  A wyvern (shapeshifter) (Vaults:5)
  A redback (shapeshifter) (Vaults:4)
  48 yaks
  37 tarantellas
  5 fire elementals
  4 vampire mosquitoes (D:15)
  3 hungry ghosts
  12 golden eyes
  3 chaos spawn
  3 basilisks
  3 neqoxecs
  Menkaure (D:5)
  2 iron troll simulacra (IceCv)
  A harpy simulacrum (IceCv)
  3 hydra simulacra (IceCv)
  A soldier ant (shapeshifter) (Vaults:4)
  8 soldier ants
  A water moccasin (shapeshifter) (Vaults:5)
  10 wargs
  5 water moccasins
  2 acid dragons (Vaults:1)
  5 porcupines
  49 orc warriors
  A sky beast (D:14)
  A black bear (shapeshifter) (Vaults:3)
  Purgy (Sewer)
  2 black bears
  6 phantoms
  14 ice beasts
  23 ogres
  An eye of draining (shapeshifter) (Vaults:1)
  A necrophage (D:10)
  An ogre (shapeshifter) (Vaults:2)
  4 boggarts (Vaults:3)
  7 wolves
  32 centaurs
  5 crocodiles
  11 big kobolds
  Blork the orc (D:5)
  A glowing shapeshifter simulacrum (Vaults:3)
  11 bullfrogs
  3 earth elementals
  An ogre simulacrum (Vaults:1)
  A scorpion (shapeshifter) (Vaults:1)
  2 wyvern skeletons
  A hornet simulacrum (Vaults:1)
  3 scorpions
  A troll zombie (D:10)
  10 wights
  10 electric eels
  8 howler monkeys
  8 crimson imps
  A bullfrog zombie (D:11)
  Crazy Yiuf (D:5)
  2 gnoll shamans (D:6)
  26 orc priests
  A bullfrog skeleton (D:12)
  8 hounds
  3 jellies
  19 orc wizards
  Jessica (D:3)
  2 centaur skeletons
  An iguana (D:12)
  An iguana (shapeshifter) (Vaults:5)
  17 worker ants
  A killer bee zombie (D:6)
  5 ogre zombies (D:10)
  2 hound skeletons (D:7)
  18 gnolls
  A howler monkey skeleton (D:5)
  15 adders
  6 shadow imps
  3 white imps
  An ufetubus (Zot:5)
  3 adder skeletons
  2 worms (D:3)
  A dart slug (D:1)
  9 leopard geckos
  98 orcs
  A ball python (D:5)
  3 giant cockroaches
  7 hobgoblins
  11 jackals (D:1)
  6 quokkas
  A ball python zombie (D:5)
  8 bats
  4 frilled lizards
  8 goblins
  A goblin skeleton (D:10)
  3 goblin zombies (D:10)
  2 hobgoblin zombies (D:10)
  A jackal skeleton (D:4)
  37 kobolds
  A leopard gecko skeleton (D:5)
  4 orc skeletons (D:10)
  9 orc zombies (D:10)
  A quokka skeleton (D:4)
  6 rats
  A crawling corpse (Elf:3)
  6 fungi
  5 plants
  17 starspawn tentacles (WizLab)
  6 tentacles (Shoals:4)
2054 creatures vanquished.

Vanquished Creatures (collateral kills)
  Jorgrun (Spider:4)
  An orc warlord (Orc:2)
  An emperor scorpion (Spider:4)
  An entropy weaver (Spider:4)
  A minotaur (Lab)
  Fannar (Lair:3)
  An orc high priest (Orc:2)
  An orc knight (Orc:2)
  An orc sorcerer (Orc:2)
  2 wolf spiders (Spider:4)
  A troll (Orc:2)
  A hornet (Spider:4)
  A hippogriff (Lair:3)
  A redback (Spider:4)
  A warg (Orc:2)
  4 orc warriors (Orc:2)
20 creatures vanquished.

Vanquished Creatures (others)
  A draconian knight (Zot:2)
  A deep elf mage (Elf:2)
  2 cyclopes
  A naga mage (D:15)
  A shock serpent simulacrum (Abyss:4)
  A slave (D:4)
  An ogre (D:4)
  An earth elemental (Elf:2)
  An orc priest (D:4)
  3 orcs (D:4)
  2 kobolds (D:9)
  14 fungi
  A lurking horror (Abyss:4)
  8 plants
  15 starspawn tentacles (WizLab)
  17 tentacles (Shoals:4)
70 creatures vanquished.

Grand Total: 2144 creatures vanquished

Notes
Turn   | Place    | Note
-------+----------+-------------------------------------------
     0 | D:1      | kuniqs the Deep Dwarf Fighter began the quest for the Orb.
     0 | D:1      | Reached XP level 1. HP: 20/20 MP: 1/1
   148 | D:1      | Reached XP level 2. HP: 24/27 MP: 2/2
   229 | D:1      | Reached skill level 1 in Dodging
   263 | D:1      | Reached XP level 3. HP: 22/33 MP: 3/3
   289 | D:1      | Reached skill level 3 in Fighting
   858 | D:2      | Reached XP level 4. HP: 42/42 MP: 4/4
  1252 | D:3      | Noticed Jessica
  1266 | D:3      | Killed Jessica
  1266 | D:3      | Reached XP level 5. HP: 49/49 MP: 5/5
  1523 | D:3      | Noticed a black bear
  1528 | D:3      | Killed a black bear
  1528 | D:3      | Reached XP level 6. HP: 45/56 MP: 6/6
  1732 | D:3      | Found a glowing drain.
  1746 | Sewer    | Entered a sewer
  1791 | Sewer    | Got an ichor-stained broad axe
  1856 | Sewer    | Noticed Purgy
  1868 | Sewer    | Killed Purgy
  1898 | D:3      | Identified the +5 broad axe of Wivel {chop, rF+ rN+ Str-3 SInv} (You found it in a sewer)
  1929 | D:4      | Noticed a slave
  1930 | D:4      | Noticed Pikel
  1932 | D:4      | Noticed a slave
  1933 | D:4      | Noticed a slave
  1948 | D:4      | Noticed a slave
  1953 | D:4      | Killed Pikel
  1953 | D:4      | Reached skill level 4 in Fighting
  1953 | D:4      | Reached skill level 5 in Armour
  1953 | D:4      | Reached skill level 5 in Shields
  1953 | D:4      | Reached XP level 7. HP: 57/66 MP: 7/7
  1994 | D:4      | Reached skill level 5 in Axes
  2035 | D:4      | Found Qaeleak's Distillery.
  2038 | D:4      | Noticed Grinder
  2042 | D:4      | Reached XP level 8. HP: 60/73 MP: 8/8
  2049 | D:4      | Paralysed by Grinder for 2 turns
  2055 | D:4      | Killed Grinder
  2057 | D:4      | Bought a potion of heal wounds for 50 gold pieces
  2370 | D:5      | Entered Level 5 of the Dungeon
  2478 | D:5      | Reached skill level 5 in Fighting
  2491 | D:5      | Found Efunun's Book Shoppe.
  2514 | D:5      | Found a runed door.
  2556 | D:5      | Noticed Blork the orc
  2561 | D:5      | Noticed Menkaure
  2570 | D:5      | Killed Blork the orc
  2570 | D:5      | Reached skill level 5 in Dodging
  2573 | D:5      | Killed Menkaure
  3048 | D:5      | Gained mutation: You passively map the area around you. [Deep Dwarf growth]
  3048 | D:5      | Reached XP level 9. HP: 67/81 MP: 9/9
  3056 | D:5      | Found a stormy altar of Qazlal.
  3208 | D:5      | Noticed Crazy Yiuf
  3211 | D:5      | Killed Crazy Yiuf
  3269 | D:6      | Found Eroutt's Distillery.
  3277 | D:6      | Bought a potion of curing for 42 gold pieces
  3491 | D:6      | Noticed Prince Ribbit
  3504 | D:6      | Killed Prince Ribbit
  3577 | D:6      | Reached skill level 6 in Fighting
  4050 | D:7      | Found a staircase to the Ecumenical Temple.
  4056 | Temple   | Entered the Ecumenical Temple
  4099 | Temple   | Became a worshipper of Makhleb the Destroyer
  4431 | D:7      | Found a bloodstained altar of Trog.
  4448 | D:7      | Reached skill level 1 in Invocations
  4637 | D:8      | Noticed Armakuni's ghost (novice DgWn)
  4641 | D:8      | Noticed Erica
  4674 | D:8      | Noticed a two-headed ogre
  4684 | D:8      | Killed Armakuni's ghost
  4684 | D:8      | Reached XP level 10. HP: 50/92 MP: 11/11
  4684 | D:8      | Killed Erica
  4696 | D:8      | Killed a two-headed ogre
  4850 | D:8      | Noticed Joseph
  4861 | D:8      | Killed Joseph
  4903 | D:8      | Noticed a two-headed ogre
  4919 | D:8      | Killed a two-headed ogre
  4919 | D:8      | Reached * piety under Makhleb
  4919 | D:8      | Reached skill level 7 in Fighting
  5459 | D:9      | Noticed Erolcha
  5484 | D:9      | Killed Erolcha
  5630 | D:9      | Reached skill level 5 in Invocations
  5654 | D:9      | Reached ** piety under Makhleb
  5654 | D:9      | Reached XP level 11. HP: 100/100 MP: 14/14
  5847 | D:10     | Entered Level 10 of the Dungeon
  5911 | D:10     | Found a staircase to the Orcish Mines.
  5993 | D:10     | Found a staircase to the Lair.
  6007 | D:10     | Reached *** piety under Makhleb
  6844 | D:11     | Reached **** piety under Makhleb
  6857 | D:11     | Reached skill level 8 in Fighting
  7059 | D:11     | Got an ichor-stained whip {freeze}
  7061 | D:11     | Identified the +8 whip "Ycsirpho" {freeze, +Blink rN+ Str-4 Int+4} (You took it off a wight on level 11 of the Dungeon)
  7703 | D:11     | Found a blossoming altar of Fedhas.
  7815 | Lair:1   | Entered Level 1 of the Lair of Beasts
  8098 | Lair:1   | Noticed an oklob plant
  8492 | Lair:1   | Reached XP level 12. HP: 97/111 MP: 15/15
  9076 | Lair:2   | Reached skill level 10 in Armour
  9076 | Lair:2   | Reached skill level 10 in Shields
  9151 | Lair:2   | Got a heavily runed plate armour
  9190 | Lair:2   | Noticed a six-headed hydra
  9203 | Lair:2   | Killed a one-headed hydra
  9517 | Lair:2   | Found a sacrificial altar of Ru.
  9538 | Lair:2   | Reached skill level 10 in Axes
  9580 | Lair:3   | Identified the +3 plate armour "Vuipnus" {rCorr Int+4} (You found it on level 2 of the Lair of Beasts)
  9641 | Lair:3   | Found a hole to the Spider Nest.
  9702 | Lair:3   | Found a staircase to the Shoals.
  9810 | Lair:3   | Noticed Fannar
  9825 | Lair:3   | Killed Fannar
 10235 | Lair:4   | Noticed a six-headed hydra
 10245 | Lair:4   | Killed a six-headed hydra
 10340 | Lair:4   | Reached skill level 9 in Fighting
 10449 | Lair:4   | Reached ***** piety under Makhleb
 10450 | Lair:4   | Reached skill level 10 in Dodging
 10759 | Lair:5   | Reached XP level 13. HP: 78/121 MP: 16/16
 11305 | Lair:5   | Noticed an entropy weaver
 11386 | Lair:5   | Noticed an entropy weaver
 11400 | Lair:5   | Killed an entropy weaver
 11425 | Lair:5   | Reached skill level 10 in Invocations
 11439 | Lair:5   | Killed an entropy weaver
 11560 | Lair:6   | Entered Level 6 of the Lair of Beasts
 11764 | Lair:6   | Found a staircase to the Slime Pits.
 12731 | Orc:1    | Entered Level 1 of the Orcish Mines
 12828 | Orc:1    | Reached ****** piety under Makhleb
 12831 | Orc:1    | Noticed a stone giant
 12850 | Orc:1    | Killed a stone giant
 13081 | Orc:1    | Noticed a stone giant
 13102 | Orc:1    | Reached skill level 10 in Fighting
 13116 | Orc:1    | Killed a stone giant
 13168 | Orc:1    | Found a roughly hewn altar of Beogh.
 13273 | Orc:2    | Entered Level 2 of the Orcish Mines
 13273 | Orc:2    | Found Olias's Antique Armour Shop.
 13279 | Orc:2    | Noticed Nessos
 13358 | Orc:2    | Noticed Nessos
 13358 | Orc:2    | Nessos changed into Nessos the sea snake
 13376 | Orc:2    | Killed Nessos the sea snake
 13463 | Orc:2    | Gained mutation: You resist negative energy. (rN+) [Deep Dwarf growth]
 13463 | Orc:2    | Reached XP level 14. HP: 102/132 MP: 15/15
 13480 | Orc:2    | Noticed an orc warlord
 13502 | Orc:2    | Killed an orc warlord
 13561 | Orc:2    | Bought a pair of embroidered gloves for 217 gold pieces
 13600 | Orc:2    | Found Piwnotti's Antique Weapon Shop.
 13685 | Orc:2    | Found Weedgh's Book Emporium.
 13693 | Orc:2    | Noticed an orc warlord
 13719 | Orc:2    | Killed an orc warlord
 13803 | Orc:2    | Found Zirr's General Store.
 13833 | Orc:2    | Found a staircase to the Elven Halls.
 14627 | D:12     | Noticed Nergalle
 14654 | D:12     | Killed Nergalle
 14665 | D:12     | Found a sparkling altar of Nemelex Xobeh.
 15189 | D:13     | Found a gate to the Vaults.
 15256 | D:13     | Found a labyrinth entrance.
 15277 | Lab      | Entered a labyrinth
 15326 | Lab      | Got an ancient ruby amulet
 15481 | D:13     | Identified the amulet of the Median {Faith *Corrode rC+ rN+} (You found it in a labyrinth)
 15604 | D:14     | Found a portal to a secret trove of treasure.
 15960 | D:14     | Reached XP level 15. HP: 132/140 MP: 14/14
 16242 | D:15     | Entered Level 15 of the Dungeon
 16254 | D:15     | Reached skill level 11 in Fighting
 16519 | D:15     | Found a roughly hewn altar of Beogh.
 16617 | D:15     | Found Cahesche's Jewellery Shoppe.
 16621 | D:15     | Bought a cursed -2 ring of evasion for 32 gold pieces
 16621 | D:15     | Bought a cursed ring of loudness for 72 gold pieces
 16621 | D:15     | Bought a cursed ring of teleportation for 72 gold pieces
 16621 | D:15     | Bought the amulet of Qearicky {Acrobat MR+ Str+3 Int+4} for 916 gold pieces
 17103 | D:15     | Found a staircase to the Depths.
 17723 | Spider:1 | Entered Level 1 of the Spider Nest
 17749 | Spider:1 | Noticed a ghost moth
 17859 | Spider:1 | Killed a ghost moth
 18371 | Spider:1 | Reached XP level 16. HP: 149/151 MP: 15/15
 19265 | Spider:3 | Reached skill level 12 in Fighting
 19306 | Spider:3 | Identified a scroll of acquirement
 20156 | Spider:4 | Entered Level 4 of the Spider Nest
 20159 | Spider:4 | Noticed Louise
 20208 | Spider:4 | Killed Louise
 20385 | Spider:4 | Found a frozen archway.
 20418 | IceCv    | Entered an ice cave
 20579 | IceCv    | Got a transparent wooden ring
 20583 | IceCv    | Identified the ring "Ulel" {Fire Str+3 Slay+2 Stlth-} (You found it in an ice cave)
 20601 | IceCv    | Got a steaming scale mail
 20714 | Spider:4 | Reached XP level 17. HP: 162/162 MP: 12/12
 21270 | Spider:4 | Noticed Mara
 21296 | Spider:4 | Killed Mara
 21320 | Spider:4 | Noticed Jorgrun
 21336 | Spider:4 | Killed Jorgrun
 21389 | Spider:4 | Got a gossamer rune of Zot
 21411 | Spider:4 | Identified the +6 scale mail of the Bard {rC+ Int-4 SInv Stlth+} (You found it in an ice cave)
 21640 | Shoals:1 | Entered Level 1 of the Shoals
 21701 | Shoals:1 | Noticed Nikola
 21725 | Shoals:1 | Killed Nikola
 21952 | Shoals:1 | Reached skill level 15 in Shields
 21952 | Shoals:1 | Reached skill level 15 in Armour
 21973 | Shoals:1 | Reached skill level 13 in Fighting
 21973 | Shoals:1 | Reached skill level 15 in Axes
 23237 | Shoals:3 | Found a snail-covered altar of Cheibriados.
 23274 | Shoals:3 | Reached skill level 15 in Dodging
 23522 | Shoals:3 | Identified the cursed +0 broad axe "Jellyslayer" {pain, -Tele +Inv rElec Int+2} (You found it on level 3 of the Shoals)
 23569 | Shoals:3 | Gained mutation: You passively map a large area around you. [Deep Dwarf growth]
 23569 | Shoals:3 | Reached XP level 18. HP: 171/171 MP: 10/10
 23737 | Shoals:4 | Entered Level 4 of the Shoals
 24092 | Shoals:4 | Noticed Ilsuiw
 24262 | Shoals:4 | Killed Ilsuiw
 24814 | Shoals:4 | Got a barnacled rune of Zot
 24913 | Shoals:4 | Got a heavily runed chain mail
 24914 | Shoals:4 | Identified the +3 chain mail of the Cuttlefish {Str+2} (You found it on level 4 of the Shoals)
 25132 | Elf:1    | Entered Level 1 of the Elven Halls
 25281 | Elf:1    | Found Arer's Distillery.
 25287 | Elf:1    | Found the +3 crown of Dyrovepreva {rElec Int+2 SInv}
 26049 | Elf:2    | Found a runed gate.
 26049 | Elf:2    | Found a runed gate.
 26049 | Elf:2    | Found a runed gate.
 26311 | Elf:2    | Found Cyjoh's Distillery.
 26421 | Elf:3    | Entered Level 3 of the Elven Halls
 26474 | Elf:3    | Found Arphuc's General Store.
 26485 | Elf:3    | Bought 2 potions of mutation for 224 gold pieces
 26485 | Elf:3    | Bought the cursed ring "Dodes" {rF+ Int+5 Dex-2 Slay+3} for 470 gold pieces
 26521 | Elf:3    | Reached skill level 14 in Fighting
 26554 | Elf:3    | Noticed Donald
 26568 | Elf:3    | Killed Donald
 26655 | Elf:3    | Reached XP level 19. HP: 182/182 MP: 8/8
 27076 | Elf:3    | Noticed a Tzitzimitl
 27129 | Elf:3    | Noticed a Brimstone Fiend
 27396 | Elf:3    | Found the +8 mithril axe "Arga" {speed, MR+}
 27475 | Elf:3    | Identified the +0 plate armour "Cibalol" {*Contam Str-3 Dex+8 SInv} (You found it on level 3 of the Elven Halls)
 27779 | Vaults:1 | Entered Level 1 of the Vaults
 28067 | Vaults:1 | Found Viyh's Armour Shoppe.
 29102 | Vaults:1 | Found Nala's Antique Weapon Shop.
 29187 | Vaults:2 | Reached XP level 20. HP: 192/192 MP: 8/8
 29348 | Vaults:2 | Found Doxzom's Book Emporium.
 29439 | Vaults:2 | Found the ring of Robustness {AC+8}
 29473 | Vaults:2 | Found a staircase to the Crypt.
 29473 | Vaults:2 | Found a basalt altar of Yredelemnul.
 29474 | Vaults:2 | Found an ancient bone altar of Kikubaaqudgha.
 29993 | Vaults:2 | Reached skill level 15 in Fighting
 30879 | Vaults:3 | Found a magical portal.
 30888 | WizLab   | Entered Lehudib's Moon Base
 30963 | WizLab   | Paralysed by accursed screaming for 1 turns
 30998 | WizLab   | Gained mutation: You are weak. (Str -2) [a neqoxec]
 31176 | WizLab   | Found a transporter.
 31753 | WizLab   | Found a transporter.
 31780 | Vaults:3 | Lost mutation: You are weak. (Str -2) [potion of mutation]
 31780 | Vaults:3 | Gained mutation: Potions are less effective at restoring your health. [potion of mutation]
 31780 | Vaults:3 | Gained mutation: Your mind is acute. (Int +2) [potion of mutation]
 31781 | Vaults:3 | Lost mutation: Potions are less effective at restoring your health. [potion of mutation]
 31781 | Vaults:3 | Lost mutation: Your mind is acute. (Int +2) [potion of mutation]
 31781 | Vaults:3 | Gained mutation: Your mind is acute. (Int +2) [potion of mutation]
 31781 | Vaults:3 | Gained mutation: You have large cloven feet. [potion of mutation]
 31967 | D:14     | You paid a toll of 2 scrolls of acquirement to enter a treasure trove
 31968 | Trove    | Entered a treasure trove
 32002 | Trove    | Got a pair of fine boots
 32003 | Trove    | Identified the -4 pair of boots of Resilience {rPois rF+ Str+4} (You found it in a treasure trove)
 32011 | Trove    | Identified the +0 large shield of Watchfulness {+Fly MR+ Str+4} (You found it in a treasure trove)
 32195 | Vaults:3 | Reached XP level 21. HP: 199/202 MP: 9/9
 33938 | Vaults:4 | Reached skill level 16 in Fighting
 33938 | Vaults:4 | Reached XP level 22. HP: 213/213 MP: 10/10
 34163 | Vaults:5 | Entered Level 5 of the Vaults
 34413 | Vaults:5 | Noticed a golden dragon
 34436 | Vaults:5 | Killed a golden dragon
 34467 | Vaults:5 | Got a vibrating silver amulet
 34476 | Vaults:5 | Identified the amulet of Ziytin {+Rage Slay+5} (You took it off a yaktaur on level 5 of the Vaults)
 34503 | Vaults:5 | Reached XP level 23. HP: 222/222 MP: 11/11
 34631 | Vaults:5 | Found Wozoguge's Gadget Shop.
 35072 | Vaults:5 | Identified the +8 chain mail of Life {rF- Str-4 Int+8 Stlth+} (You took it off a vault warden on level 5 of the Vaults)
 35149 | Vaults:5 | Identified the +1 pair of boots of Foolhardiness {rN+} (You found it on level 5 of the Vaults)
 35273 | Vaults:5 | Noticed an ancient lich
 35287 | Vaults:5 | Killed an ancient lich
 35349 | Vaults:5 | Reached skill level 17 in Fighting
 35368 | Vaults:5 | Got a silver rune of Zot
 35376 | Vaults:5 | Identified the cursed +0 plate armour of Music {Int+3} (You took it off a deep elf high priest on level 5 of the Vaults)
 35648 | Vaults:5 | Noticed an ancient lich
 35667 | Vaults:5 | Killed an ancient lich
 36048 | D:6      | Bought 2 potions of mutation for 224 gold pieces
 36338 | Depths:1 | Entered Level 1 of the Depths
 36406 | Depths:3 | Found a gateway to Hell.
 36811 | Vaults:5 | Bought a wand of digging (7) for 220 gold pieces
 37099 | Depths:5 | Entered Level 5 of the Depths
 37140 | Depths:5 | Reached XP level 24. HP: 234/234 MP: 11/11
 37205 | Depths:5 | Reached skill level 18 in Fighting
 37209 | Depths:5 | Found a gate to the Realm of Zot.
 37243 | Zot:1    | Entered Level 1 of the Realm of Zot
 37327 | Zot:3    | Found a huge runed gate.
 37327 | Zot:3    | Found a huge runed gate.
 37327 | Zot:3    | Found a huge runed gate.
 37391 | Zot:3    | Found a huge runed gate.
 37391 | Zot:3    | Found a huge runed gate.
 37391 | Zot:3    | Found a huge runed gate.
 37391 | Zot:3    | Found a huge runed gate.
 37403 | Zot:3    | Reached skill level 19 in Fighting
 37558 | Zot:5    | Entered Level 5 of the Realm of Zot
 37641 | Zot:5    | Cast into level 4 of the Abyss (a Zot trap)
 37799 | Abyss:4  | Reached skill level 20 in Fighting
 37917 | Zot:5    | Escaped the Abyss
 38000 | Zot:5    | Reached XP level 25. HP: 254/254 MP: 11/11
 38024 | Zot:5    | Noticed an orb of fire
 38046 | Zot:5    | Noticed an ancient lich
 38053 | Zot:5    | Killed an orb of fire
 38053 | Zot:5    | Reached skill level 21 in Fighting
 38067 | Zot:5    | Killed an ancient lich
 38075 | Zot:5    | Noticed an orb of fire
 38075 | Zot:5    | Noticed an orb of fire
 38079 | Zot:5    | Noticed an orb of fire
 38085 | Zot:5    | Gained mutation: You are frail. (-10% HP) [an orb of fire]
 38096 | Zot:5    | Killed an orb of fire
 38097 | Zot:5    | Gained mutation: You are weak. (Str -2) [an orb of fire]
 38100 | Zot:5    | Killed an orb of fire
 38107 | Zot:5    | Gained mutation: Armour fits poorly on your strangely shaped body. [an orb of fire]
 38111 | Zot:5    | Gained mutation: You are agile. (Dex +2) [an orb of fire]
 38112 | Zot:5    | Gained mutation: Your magical capacity is low. (-10% MP) [an orb of fire]
 38113 | Zot:5    | Gained mutation: You occasionally shout uncontrollably at your foes. [an orb of fire]
 38125 | Zot:5    | Gained mutation: You are very frail. (-20% HP) [an orb of fire]
 38128 | Zot:5    | Lost mutation: You are agile. (Dex +2) [an orb of fire]
 38129 | Zot:5    | Lost mutation: You have large cloven feet. [an orb of fire]
 38134 | Zot:5    | Gained mutation: Potions are less effective at restoring your health. [an orb of fire]
 38137 | Zot:5    | Killed an orb of fire
 38155 | Zot:5    | Reached skill level 22 in Fighting
 38182 | Zot:5    | Lost mutation: Armour fits poorly on your strangely shaped body. [potion of mutation]
 38182 | Zot:5    | Lost mutation: Your mind is acute. (Int +2) [potion of mutation]
 38182 | Zot:5    | Lost mutation: Your magical capacity is low. (-10% MP) [potion of mutation]
 38182 | Zot:5    | Gained mutation: You are clumsy. (Dex -2) [potion of mutation]
 38182 | Zot:5    | Gained mutation: You have a pair of small horns on your head. [potion of mutation]
 38183 | Zot:5    | Lost mutation: You have a pair of small horns on your head. [potion of mutation]
 38183 | Zot:5    | Lost mutation: You are clumsy. (Dex -2) [potion of mutation]
 38183 | Zot:5    | Lost mutation: You occasionally shout uncontrollably at your foes. [potion of mutation]
 38183 | Zot:5    | Gained mutation: Your spells are a little harder to cast, but a little more powerful. [potion of mutation]
 38184 | Zot:5    | Lost mutation: Your spells are a little harder to cast, but a little more powerful. [potion of mutation]
 38184 | Zot:5    | Lost mutation: You are weak. (Str -2) [potion of mutation]
 38184 | Zot:5    | Lost mutation: Potions are less effective at restoring your health. [potion of mutation]
 38184 | Zot:5    | Gained mutation: You evolve. [potion of mutation]
 38184 | Zot:5    | Lost mutation: You are very frail. (-20% HP) [potion of mutation]
 38184 | Zot:5    | Gained mutation: You possess an exceptional clarity of mind. [potion of mutation]
 38185 | Zot:5    | Lost mutation: You possess an exceptional clarity of mind. [potion of mutation]
 38185 | Zot:5    | Lost mutation: You are frail. (-10% HP) [potion of mutation]
 38185 | Zot:5    | Gained mutation: Your muscles are strong. (Str +2) [potion of mutation]
 38185 | Zot:5    | Gained mutation: You can translocate small distances at will. [potion of mutation]
 38185 | Zot:5    | Gained mutation: Your body sometimes deteriorates upon taking damage. [potion of mutation]
 38185 | Zot:5    | Gained mutation: You have very sharp teeth. [potion of mutation]
 38260 | Zot:5    | Noticed an ancient lich
 38280 | Zot:5    | Killed an ancient lich
 38303 | Zot:5    | Got the Orb of Zot
 38902 | D:1      | Noticed Joucyebo the pandemonium lord
 38912 | D:1      | Noticed Ynytzaytu the pandemonium lord
 38927 | D:1      | Killed Joucyebo the pandemonium lord
 38927 | D:1      | Reached skill level 23 in Fighting
 38930 | D:1      | Killed Ynytzaytu the pandemonium lord
 38960 | D:$      | Escaped with the Orb!

Vault maps used:
D:1:      dpeg_arrival_arbitrary_a, serial_forest,
          infiniplex_forest_lined_4_way, infiniplex_forest_diagonal,
          infiniplex_forest_lined_2, infiniplex_forest_lined_3_way,
          infiniplex_forest_clump_small, infiniplex_forest_clump_double,
          infiniplex_forest_clump_cross, infiniplex_forest_zigzag_2,
          infiniplex_forest_clump_long, minmay_box_of_dots
D:2:      serial_glass, glass_columns_a, glass_columns_c,
          minmay_strange_pillars, first_ration
D:3:      cheibrodos_sewer_entry_bend, uniq_jessica
D:4:      serial_shops, shop_fountains, uniq_grinder, uniq_pikel
D:5:      basic_altar, serial_shops, shop, uniq_blork_the_orc, uniq_menkaure,
          uniq_crazy_yiuf_cottage
D:6:      serial_shops, shop, uniq_prince_ribbit1
D:7:      corexii_shack_village, nicolae_overflow_hidden_temple,
          minmay_temple_entry_hall
D:8:      uniq_joseph, uniq_erica
D:9:      uniq_erolcha
D:10:     erik_lair_orcish_takeover, zombieorc1_lemuel, grunt_ministairs_8
D:11:     hangedman_pestilent_swarm, fedhas_altar_4
D:12:     nemelex_xobeh_ov_fountains_minmay, uniq_nergalle
D:13:     hangedman_vaults_entry_quadrant_bands, lab_entry_generic
D:14:     nicolae_trove_entry_crossroad
D:15:     hangedman_depths_entry_try_elsewhere_first, special_room,
          hangedman_abyss_or_decor_passed, serial_shops, shop
Temple:   regret_index_temple_sigil_plot
Lair:1:   dpeg_stationary_puzzle, minmay_lair_oklob_chamber,
          infiniplex_staircase_pool_2
Lair:2:   lemuel_centaur_altar, lemuel_fruit_fields, grunt_megastairs_2
Lair:3:   elwin_shoals_entry_rocks, spider_nest_entry_webs, serial_bayou_pond_e,
          uniq_fannar
Lair:4:   infiniplex_staircase_pool
Lair:5:   wad_woods_antlair, grunt_megastairs_3, lemuel_fruit_fields
Lair:6:   due_jungle_book, minmay_slime_entry_pillars
Shoals:1: uniq_nikola
Shoals:2: nicolae_shoals_circle_sea_wall
Shoals:3: lemuel_oklob_altar
Shoals:4: shoals_end_hangedman, shoal_ilsuiw, nicolae_shoals_water_shrine
Spider:1: nicolae_spider_hall_of_the_moth_king
Spider:2: nicolae_spider_shape
Spider:3: nicolae_spider_cling_ruins
Spider:4: grunt_spider_rune_parallel, portal_ice_cave_entry_frozen_things,
          uniq_jorgrun, uniq_mara, uniq_louise
Orc:1:    bh_open_orc_temple
Orc:2:    grunt_orc_gardens, grunt_orc_garden, grunt_orc_garden,
          grunt_orc_garden, grunt_orc_garden, uniq_nessos
Elf:1:    minmay_elf_arrival_summoners, serial_shops, nicolae_shop_behind_doors,
          kennysheep_underground_church
Elf:2:    serial_shops, nicolae_shop_behind_doors
Elf:3:    grunt_elf_hall_branching, serial_shops,
          nicolae_shop_competitors_out_of_business, uniq_donald
Vaults:1: nicolae_vaults_ninety_degrees, v_misc_4,
          nicolae_vaults_diagonal_hallway_9, ontoclasm_vaults_misaligned,
          vaults_room_large_hall, v_alt_pattern_5, vaults_room_mumra_shop_pool,
          st_spiral_rooms, vaults_dpeg_ring, v_misc_25,
          vaults_room_grunt_arrival_ludios, v_misc_22,
          nicolae_vaults_three_branches, serial_shops, nicolae_shop_statue_plus
Vaults:2: minmay_crypt_entry_necro_gods, v_misc_16, v_rooms_2,
          nicolae_vaults_little_squares_2, v_rooms_3, v_misc_31,
          vaults_room_fancy_cross, v_pattern_3, grunt_vaults_bifocal,
          grunt_vaults_hallway_short, hangedman_vaults_cutoff,
          vaults_dpeg_cross, serial_shops, shop
Vaults:3: vaults_dpeg_diagonal, serial_ice_h, vaults_room_hallway,
          nicolae_vaults_good_morning_starshine, vaults_mumra_chevron,
          vaults_room_stairs_pillars, nicolae_vaults_back_hallway,
          vaults_standard_mumra_lines, ontoclasm_vaults_loading_screen,
          ontoclasm_vaults_pinch, grunt_vaults_funnel, nicolae_vaults_gold_heap,
          nicolae_vaults_alarming, mu_enter_wizlab_3
Vaults:4: nicolae_vaults_angled_halls, ontoclasm_vaults_ring_square,
          hangedman_vaults_snaps, nicolae_vaults_border_crossing, v_misc_5,
          v_misc_16, ontoclasm_vaults_ring_small, dpeg_vaults_monster_box
Depths:1: enter_ziggurat_d, pf_coc_iceberg, rand_demon_pan_entry_7,
          kennysheep_cluttered_room, hangedman_abyss_entry_splay,
          hangedman_decor_slide_cut, serial_bayou_pond_e,
          serial_sigils_hangedman_stare, fountainhead,
          kennysheep_generic_room_12
Depths:2: hangedman_crystal_crosses_colossus, hell_entry
Depths:3: minmay_open_boxes_in_corner, grunt_pan_entry_spiral, hell_entry,
          serial_co_window_serial, co_window_paths_a,
          co_window_of_opportunity_a, co_window_paths_a, co_window_paths_a,
          co_window_paths_a, co_window_corner_b, co_window_unsneaky_path_a,
          co_window_of_opportunity_b, co_window_paths_c, glass_columns_c,
          glass_columns_c, glass_columns_b, glass_columns_c, nrook_uturn,
          st_stairs_4, minmay_acid_items
Depths:4: minmay_shrinking_squares, pan_entry, hell_entry, abyss_entry,
          kennysheep_nub, grunt_decor_cap
Depths:5: grunt_zot_entry_funnels, pan_entry, abyss_entry, hell_entry,
          solitary_fountain, serial_bayou_shore_a
Zot:2:    grunt_deathspiral_small
Zot:3:    hangedman_zot_diagonal_lockstep, door_vault
Zot:5:    st_stairs_12
Abyss:4:  evilmike_abyss_exit_16, evilmike_abyss_rune_siren_acolytes
Lab:      labyrinth_hidden_loot
Trove:    trove_armour_2
Sewer:    kennysheep_door_sewer
IceCv:    ice_cave_statue_garden_chambered
WizLab:   wizlab_lehudib

Skill      XL: |  1  2  3  4  5  6  7  8  9 10 11 12 13 14 15 16 17 18 19 20 21 22 23 24 25 |
---------------+----------------------------------------------------------------------------+-----
Dodging        | 1 2 4 5 6 8 9 10 11 12 13 14 15 16 17 18 19 20 | 20.0
Fighting       | 3 4 5 6 7 8 9 10 11 12 13 14 15 16 17 20 23 | 23.1
Axes           | 3 4 5 6 7 8 9 10 11 12 13 14 15 16 17 18 | 18.0
Shields        | 4 5 6 7 8 9 10 11 12 13 14 15 16 17 18 19 20 | 20.0
Armour         | 4 5 6 7 8 9 10 11 12 13 14 15 16 17 18 19 20 | 20.0
Invocations    | 2 5 7 9 10 12 13 14 | 14.0

Action                   |  1- 3 |  4- 6 |  7- 9 | 10-12 | 13-15 | 16-18 | 19-21 | 22-24 | 25-27 || total
-------------------------+-------+-------+-------+-------+-------+-------+-------+-------+-------++-------
Melee: War axe           |    33 |       |       |       |       |       |       |       |       ||    33
       Whip              |    79 |    33 |       |       |       |       |       |       |       ||   112
       Flail             |       |    66 |       |       |       |       |       |       |       ||    66
       Unarmed           |       |     3 |       |       |       |       |       |       |       ||     3
       Broad axe         |       |    13 |   257 |   705 |  1371 |  2005 |  1537 |  1228 |   282 ||  7398
       Scimitar          |       |       |       |    14 |    19 |       |       |       |       ||    33
       Bite              |       |       |       |       |       |       |       |       |    25 ||    25
Invok: Lesser Servant of |       |       |       |     2 |     5 |     1 |       |       |       ||     8
       Greater Servant o |       |       |       |       |     2 |     2 |       |       |       ||     4
 Abil: Heal Wounds       |     1 |     3 |    14 |    16 |    20 |    28 |     5 |     1 |       ||    88
Evoke: Wand              |       |       |       |     4 |    16 |    35 |       |     3 |     1 ||    59
  Use: Potion            |       |       |     4 |       |     2 |    10 |     7 |     3 |    12 ||    38
       Scroll            |       |       |       |    21 |    13 |    11 |     5 |    26 |       ||    76
 Stab: Distracted        |       |       |     1 |     1 |     4 |     3 |       |     1 |       ||    10
       Confused          |       |       |       |       |       |     1 |       |       |       ||     1
  Eat: Chunk             |       |     4 |    11 |    18 |    29 |    32 |    17 |     8 |       ||   119
       Ration            |       |       |       |     2 |       |       |     2 |     5 |     1 ||    10
Armor: Scale mail        |    85 |    12 |       |       |       |       |       |       |       ||    97
       Chain mail        |       |    53 |   112 |    97 |       |       |       |       |       ||   262
       Plate armour      |       |       |       |   301 |   849 |  1056 |   219 |       |       ||  2425
       Crystal plate arm |       |       |       |       |       |       |    47 |   410 |   107 ||   564
Dodge: Dodged            |    49 |    37 |    82 |   319 |   726 |  1034 |   263 |   275 |    78 ||  2863
Block: Shield            |    81 |    66 |   118 |   520 |  1227 |   507 |       |       |       ||  2519
       Reflection        |       |       |       |       |    17 |     2 |       |       |       ||    19
       Large shield      |       |       |       |       |       |  1877 |   931 |   982 |   244 ||  4034
       Rpst.: Scimitar   |       |       |       |     2 |     2 |       |       |       |       ||     4

Table legend:
 A = Spawn XP
 B = Non-spawn XP
 C = Spawn XP percentage of total XP
 D = Spawn monster count
 E = Non-spawn monster count
 F = Spawn count percentage of total count
 G = Total turns spent on level
                    A         B        C        D         E        F      G
               +---------+---------+-------+---------+---------+-------+---------
         Total |   11505 | 1147331 |   1.0 |      29 |    1996 |   1.4 | 38960
               +---------+---------+-------+---------+---------+-------+---------
           D:1 |       0 |      50 |   0.0 |       0 |      29 |   0.0 |   795
           D:2 |       0 |     136 |   0.0 |       0 |      24 |   0.0 |   525
           D:3 |       0 |     282 |   0.0 |       0 |      21 |   0.0 |   545
           D:4 |       0 |    1186 |   0.0 |       0 |      20 |   0.0 |   479
           D:5 |       0 |    1116 |   0.0 |       0 |      27 |   0.0 |   894
           D:6 |       0 |    1233 |   0.0 |       0 |      21 |   0.0 |   490
           D:7 |       0 |     857 |   0.0 |       0 |      22 |   0.0 |  1002
           D:8 |       0 |    4181 |   0.0 |       0 |      24 |   0.0 |   585
           D:9 |       0 |    2527 |   0.0 |       0 |      23 |   0.0 |   762
          D:10 |       0 |    5234 |   0.0 |       0 |      74 |   0.0 |  1216
          D:11 |       0 |    2569 |   0.0 |       0 |      45 |   0.0 |  1265
          D:12 |       0 |    5706 |   0.0 |       0 |      40 |   0.0 |   778
          D:13 |       0 |    9402 |   0.0 |       0 |      36 |   0.0 |   911
          D:14 |       0 |   15633 |   0.0 |       0 |      46 |   0.0 |   705
          D:15 |       0 |   17825 |   0.0 |       0 |      62 |   0.0 |  1337
        Lair:1 |       0 |    2464 |   0.0 |       0 |      10 |   0.0 |   949
        Lair:2 |       0 |    3803 |   0.0 |       0 |      14 |   0.0 |  1071
        Lair:3 |       0 |    2039 |   0.0 |       0 |       6 |   0.0 |   692
        Lair:4 |       0 |    7981 |   0.0 |       0 |      35 |   0.0 |   595
        Lair:5 |       0 |   13442 |   0.0 |       0 |      45 |   0.0 |   863
        Lair:6 |       0 |    5573 |   0.0 |       0 |      18 |   0.0 |  1057
      Shoals:1 |       0 |   12192 |   0.0 |       0 |      17 |   0.0 |   696
      Shoals:2 |       0 |   17994 |   0.0 |       0 |      39 |   0.0 |   781
      Shoals:3 |       0 |   11107 |   0.0 |       0 |      25 |   0.0 |   690
      Shoals:4 |       0 |   38155 |   0.0 |       0 |      69 |   0.0 |  1232
      Spider:1 |       0 |   30534 |   0.0 |       0 |      88 |   0.0 |   870
      Spider:2 |       0 |   22053 |   0.0 |       0 |      48 |   0.0 |   540
      Spider:3 |       0 |   12792 |   0.0 |       0 |      44 |   0.0 |  1041
      Spider:4 |       0 |   54795 |   0.0 |       0 |     105 |   0.0 |  1220
         Orc:1 |       0 |    8131 |   0.0 |       0 |      40 |   0.0 |   589
         Orc:2 |       0 |   11656 |   0.0 |       0 |      53 |   0.0 |   890
         Elf:1 |       0 |   17169 |   0.0 |       0 |      27 |   0.0 |   788
         Elf:2 |       0 |   15734 |   0.0 |       0 |      31 |   0.0 |   570
         Elf:3 |       0 |   51488 |   0.0 |       0 |      47 |   0.0 |  1144
      Vaults:1 |       0 |   57643 |   0.0 |       0 |      94 |   0.0 |  1597
      Vaults:2 |       0 |   38707 |   0.0 |       0 |      73 |   0.0 |  1441
      Vaults:3 |       0 |   39220 |   0.0 |       0 |      55 |   0.0 |  1204
      Vaults:4 |       0 |   39039 |   0.0 |       0 |      76 |   0.0 |  1348
      Vaults:5 |       0 |  171298 |   0.0 |       0 |     154 |   0.0 |  1648
      Depths:1 |       0 |    9643 |   0.0 |       0 |       7 |   0.0 |   110
      Depths:2 |       0 |    2838 |   0.0 |       0 |       2 |   0.0 |    35
      Depths:3 |       0 |   17129 |   0.0 |       0 |      16 |   0.0 |   113
      Depths:4 |       0 |    6645 |   0.0 |       0 |       7 |   0.0 |    78
      Depths:5 |       0 |   47783 |   0.0 |       0 |      28 |   0.0 |   172
         Zot:2 |       0 |   27309 |   0.0 |       0 |      18 |   0.0 |   138
         Zot:3 |       0 |   27469 |   0.0 |       0 |      22 |   0.0 |   165
         Zot:4 |       0 |    4662 |   0.0 |       0 |       3 |   0.0 |    33
         Zot:5 |       0 |  181292 |   0.0 |       0 |      67 |   0.0 |   536
       Abyss:4 |   11505 |    6740 |  63.1 |      29 |      14 |  67.4 |   276
           Lab |       0 |    1209 |   0.0 |       0 |       2 |   0.0 |    69
         Sewer |       0 |     137 |   0.0 |       0 |       6 |   0.0 |   149
         IceCv |       0 |    7810 |   0.0 |       0 |      22 |   0.0 |   214
        WizLab |       0 |   53719 |   0.0 |       0 |      55 |   0.0 |   891
               +---------+---------+-------+---------+---------+-------+---------
